 Dungeon Crawl Stone Soup version 0.31-a0-988-g08d55dae12 (webtiles) character file.

Game seed: 4089539850287674980

19292 Flugkiller the Mimic (level 12, -13/90 HPs)
             Began as an Octopode Shapeshifter on Nov 5, 2023.
             Was a Priest of Ashenzari.
             Killed from afar by a swamp worm (16 damage)
             ... with a harpoon shot
             ... on level 11 of the Dungeon.
             The game lasted 00:18:25 (13471 turns).

Flugkiller the Mimic (Octopode Shapeshifter)       Turns: 13471, Time: 00:18:25

Health: -13/90     AC:  1    Str: 13    XL:     12   Next: 67%
Magic:  23/23      EV: 23    Int: 18    God:    Ashenzari [***...]
Gold:   779        SH:  0    Dex: 23    Spells: 11/14 levels left

rFire   . .          .
                       - Unarmed
rCold   . . .        (shield currently unavailable)
rNeg    + . .        (helmet restricted)
rPois   .            C - amulet "Gnostic Nihilism" {RegenMP, Bglg, Elem} (curse)
rElec   .            m - ring "Bound With Me" {Dex+6, Melee, Dev} (curse)
rCorr   .            f - ring of the Cosmic Seer {Int+6, Elem, Self} (curse)
SInv    +            i - ring of the Sublime God {SInv, Comp, Fort} (curse)
Will    .....        r - ring of positive energy
Stlth   ++           s - ring of the Shattered Omen {Wiz, Alch, Cun} (curse)
HPRegen 0.35/turn    y - ring of Panopticon {MP+9, Comp, Self} (curse)
MPRegen 0.58/turn    (no ring)
                     (no ring)

%: clarity, wizardry (x1)
@: lethally poisoned (-13 -> -54), flux-form, slowed, glowing, very slow
A: glow, contaminating, almost no armour, amphibious, 8 rings, camouflage 1,
gelatinous body 1, (nimble swimmer 1), tentacles
a: Begin Untransformation, Renounce Religion, Shatter the Chains


You were on level 11 of the Dungeon.
You worshipped Ashenzari.
Ashenzari was most pleased with you.
You were something dangerously unstable.
You visited 1 branch of the dungeon, and saw 11 of its levels.
You also visited: Ossuary.

You collected 779 gold pieces.

Inventory:

Missiles
 u - 2 throwing nets
 E - a curare-tipped dart
Jewellery
 f - the cursed ring of the Cosmic Seer (right tentacle) {Int+6, Elem, Self}
   (You found it on level 6 of the Dungeon)

   [ring of intelligence]

   Int+6:     It affects your intelligence (+6).
   It has a curse which improves the following skills: Elements: Fire Magic, Ice
   Magic, Air Magic and Earth Magic.
   Introspection: Fighting and Spellcasting.
 i - the cursed ring of the Sublime God (on tentacle) {SInv, Comp, Fort}
   (You found it in an ossuary)

   [ring of see invisible]

   SInv:      It lets you see invisible.
   It has a curse which improves the following skills: Companions: Summonings
   and Necromancy.
   Fortitude: Shields.
 m - the cursed ring "Bound With Me" (left tentacle) {Dex+6, Melee, Dev}
   (You found it on level 2 of the Dungeon)

   [ring of dexterity]

   Dex+6:     It affects your dexterity (+6).
   It has a curse which improves the following skills: Melee Combat: Short
   Blades, Long Blades, Axes, Maces & Flails, Polearms, Staves and Unarmed
   Combat.
   Devices:   Evocations and Shapeshifting.
 r - a ring of positive energy (on tentacle)
   (You found it in an ossuary)
 s - the cursed ring of the Shattered Omen (on tentacle) {Wiz, Alch, Cun}
   (You found it in an ossuary)

   [ring of wizardry]

   Wiz:       It improves your spell success rate.
   It has a curse which improves the following skills: Alchemy: Poison Magic and
   Transmutations.
   Cunning:   Dodging and Stealth.
 y - the cursed ring of Panopticon (on tentacle) {MP+9, Comp, Self}
   (You took it off an orc on level 7 of the Dungeon)

   [ring of magical power]

   MP+9:      It affects your magic capacity (+9).
   It has a curse which improves the following skills: Companions: Summonings
   and Necromancy.
   Introspection: Fighting and Spellcasting.
 C - the cursed amulet "Gnostic Nihilism" (around mantle) {RegenMP, Bglg, Elem}
   (You found it on level 7 of the Dungeon)

   [amulet of magic regeneration]

   RegenMP:   It increases your rate of magic regeneration.
   It has a curse which improves the following skills: Beguiling: Conjurations,
   Hexes and Translocations.
   Elements:  Fire Magic, Ice Magic, Air Magic and Earth Magic.
Talismans
 b - a beast talisman
 c - a flux talisman (active)
Wands
 g - a wand of paralysis (17)
   (You found it on level 6 of the Dungeon)
 B - a wand of digging (6)
   (You found it on level 7 of the Dungeon)
 D - a wand of flame (9)
   (You found it on level 8 of the Dungeon)
 H - a wand of polymorph (8)
   (You found it on level 9 of the Dungeon)
 L - a wand of quicksilver (4)
   (You found it on level 10 of the Dungeon)
Scrolls
 l - a scroll of silence
 p - 2 scrolls of butterflies
 t - 2 scrolls of teleportation
 v - a scroll of torment
 z - 2 scrolls of blinking
 I - a scroll of revelation
 J - a scroll of immolation
 K - a scroll of poison
 M - a scroll of fear
Potions
 a - a potion of magic
 d - 3 potions of might
 e - a potion of lignification
 h - 6 potions of haste
 j - a potion of cancellation
 k - 2 potions of brilliance
 n - a potion of resistance
 o - 4 potions of enlightenment
 q - 3 potions of curing
 w - 3 potions of heal wounds
 x - 4 potions of attraction
 A - 2 potions of degeneration
 F - a potion of berserk rage
 G - 2 potions of ambrosia


   Skills:
 - Level 8.8(11.1) Fighting
 - Level 10.6(12.1) Dodging
 - Level 2.0(3.1) Stealth
 - Level 10.5(12.0) Unarmed Combat
 - Level 0.7(1.8) Spellcasting
 + Level 5.1(7.3) Ice Magic
 - Level 12.6(14.0) Shapeshifting


You had 11 spell levels left.
You knew the following spells:

 Your Spells              Type           Power      Damage    Failure   Level
a - Ozocubu's Armour      Ice            27%        N/A       1%          3

Your spell library contained the following spells:

 Spells                   Type           Power      Damage    Failure   Level
 Freeze                   Ice            100%       1d10      1%          1
 Frozen Ramparts          Ice            54%        1d9       1%          3
 Hailstorm                Conj/Ice       15%        3d5       4%          3
 Magic Dart               Conj           8%         1d3       7%          1
 Sandblast                Erth           4%         2d4       7%          1
 Call Imp                 Summ           4%         N/A       11%         2
 Passwall                 Tmut/Erth      1%         N/A       11%         2
 Mephitic Cloud           Conj/Pois/Air  2%         N/A       21%         3
 Stone Arrow              Conj/Erth      4%         3d7       21%         3
 Metabolic Englaciation   Hex/Ice        7%         N/A       38%         5
 Brom's Barrelling Bould  Conj/Erth      2%         2d3       52%         4
 Simulacrum               Ice/Necr       7%         N/A       90%         6


Dungeon Overview and Level Annotations

Branches:
Dungeon (11/15) Zot: 26382  Temple (0/1) D:6            Lair (0/5) D:8
    Orc (0/2) D:9         Ossuary (visited)

Altars:
Ashenzari
Dithmenos
Hepliaklqana
Okawaru
Qazlal
Ru
Sif Muna
Uskayaw
Vehumet
Yredelemnul

Shops:
D:5 (   D:10 [

Annotations:
D:1 exclusion: gnoll
D:3 Ijyb
D:8 2 transporters, Pi314's ghost, novice HOMo
D:11 1 transporter


Innate Abilities, Weirdness & Mutations

You are something dangerously unstable.
You glow with magical radiation, making you easy to see and hit.
Foes you strike become dangerously contaminated with magical radiation.
You are incapable of wielding weapons or throwing items.
You cannot wear most types of armour.
You are amphibious.
You can wear up to eight rings at the same time.
Your skin changes colour to match your surroundings (Stealth+).
Your rubbery body absorbs attacks. (AC +1, EV +1)
((You are camouflaged when in or above water. (Stealth+)))
You have tentacles for arms and can constrict up to eight enemies at once.


Message History

The cyclops misses you.
You bludgeon the cyclops!
The cyclops glows dangerously bright.
The cyclops is heavily wounded.
You tentacle-slap the cyclops.
The cyclops shudders as magic cascades through it.
The cyclops twists and deforms.
You squeeze the cyclops.
The cyclops is severely wounded.
The cyclops barely misses you.
You tentacle-slap the cyclops.
The cyclops begins to glow.
The cyclops is almost dead.
You tentacle-slap the cyclops.
You kill the cyclops!
Your base Ice Magic skill increases to level 5!
You see here 5 large rocks.
You now have 779 gold pieces (gained 12).
You start resting.
HP restored.
Found a stone staircase leading down.
You sense a monster nearby.
g - a wand of paralysis (17) (gained 7 charges)
Found a stone staircase leading up.
Unknown command.
No target in view!
Found a stone staircase leading down.
A troll comes into view.
The troll shouts!
The troll closely misses you. The troll completely misses you. x2
You closely miss the troll. The troll barely misses you.
The troll closely misses you. The troll claws you.
You closely miss the troll. You squeeze the troll.
The troll is lightly wounded.
You tentacle-slap the troll but do no damage.
The troll begins to glow.
You squeeze the troll.
The troll is lightly wounded.
The troll bites you. The troll barely misses you. The troll closely misses you.
You tentacle-slap the troll.
The troll glows dangerously bright.
You squeeze the troll!
The troll is heavily wounded.
The troll completely misses you. x3
You tentacle-slap the troll.
The troll shudders as magic cascades through it!!!
You kill the troll!
No target in view!
No target in view!
No target in view!
You open the door.
There is an open door here.
You open the door.
There is an open door here.
There is a transporter landing site here.
You sense a monster nearby.
You sense a monster nearby.
You sense a monster nearby.
Unknown command.
Found a transporter.
Ashenzari invites you to partake of a vision and a curse of companions and introspection.
Your ring of magical power glows black for a moment.
Ashenzari will now keep your mind clear.
Unknown command.
Okay, then.
Unknown command.
Okay, then.
Unknown command.
There is a transporter here.
There is a transporter here.
There is a transporter here.
There is a transporter here.
Okay, then.
Unknown command.
You enter the transporter and appear at another place.
The swamp worm fires a harpoon shot at you.
The harpoon shot hits you!
You are yanked forward by the harpoon shot.
You collide with the briar patch!
The briar patch is moderately damaged.
Okay, then.
Unknown command.
Blink to where?
Press: ? - help, Dir - move target
As you read the scroll of blinking, it crumbles to dust.
You are engulfed in dark miasma.
You are poisoned.
You feel very sick.
The swamp worm fires a harpoon shot at you.
The harpoon shot hits you!!
You are yanked forward by the harpoon shot.
You collide with the briar patch!
* * * LOW HITPOINT WARNING * * *
Unknown command.
You feel better.
You are engulfed in dark miasma.
You are lethally poisoned!
* * * LOW HITPOINT WARNING * * *
You feel extremely sick.
You open the door.
You are engulfed in dark miasma.
You are more poisoned.
You feel yourself slow down.
* * * LOW HITPOINT WARNING * * *
x2 You feel extremely sick.
The swamp worm fires a harpoon shot at you.
The harpoon shot hits you!
You die...

.......#####.......# #
.....###P©P###.....# # ....
##≈P^P≈♣#.....# #
.......#w≈P^P§##.....# #
..>.....##§P^P≈w#.....# #
.........#♣≈P^§###.....# #
#.........###○^P≈w#.....#######
##.........#w≈P^P§##............
#..........##≈PpP≈w#....#######.
#..........####'####....# #.
#............#/$[#......# #.
#............#[©=#......# #.
#............#####......# #.
#..............©........#++####.
#...............................
#...............................
#...............(...............


You could see 5 swamp worms.

Vanquished Creatures
  2 two-headed ogres
  Urug (D:10)
  3 death yaks
  Pikel (D:8)
  A manticore (D:11)
  3 cyclopes
  Jeremiah (D:9)
  Maggie (D:9)
  A hornet (D:11)
  3 trolls
  A vampire (D:9)
  12 yaks
  A wyvern (D:9)
  2 steam dragons
  3 acid dragons
  3 water moccasins
  2 ice beasts (D:7)
  2 sky beasts (D:7)
  6 orc warriors
  9 centaurs
  A lemure (D:8)
  A phantom (D:8)
  3 kobold brigands
  4 bullfrogs
  A gnoll sergeant (D:8)
  2 wyvern zombies (D:7)
  15 scorpions
  A water moccasin zombie (D:7)
  18 wights
  3 troll zombies (D:9)
  6 killer bees (D:9)
  5 howler monkeys
  9 centaur zombies
  3 bullfrog zombies (D:7)
  6 hounds
  14 orc priests
  A gnoll bouda (D:9)
  4 iguanas
  3 hell rats (D:8)
  10 orc wizards
  6 scorpion zombies (Ossuary)
  2 killer bee zombies (D:7)
  5 ogre zombies (D:9)
  3 mummies (Ossuary)
  Robin (D:1)
  7 adders
  15 gnolls
  A river rat (D:8)
  3 shadow imps
  A white imp (D:7)
  2 ufetubi (D:6)
  2 worms
  3 dart slugs
  34 orcs
  5 bats
  10 endoplasms
  4 giant cockroaches
  5 gnoll zombies
  9 hobgoblins
  5 jackals (D:3)
  7 quokkas
  7 ball pythons
  8 frilled lizards
  4 gnoll skeletons (D:9)
  11 goblins
  2 goblin zombies (Ossuary)
  20 kobolds
  3 kobold zombies (Ossuary)
  3 orc skeletons (D:9)
  16 orc zombies
  8 rats
380 creatures vanquished.

Notes
Turn   | Place    | Note
-------+----------+-------------------------------------------
     0 | D:1      | Flugkiller the Octopode Shapeshifter began the quest for
                  | the Orb.
     0 | D:1      | Reached XP level 1. HP: 13/13 MP: 1/1
   134 | D:1      | Reached XP level 2. HP: 18/18 MP: 2/2
   945 | D:2      | Noticed Robin
  1085 | D:2      | Reached skill level 1 in Stealth
  1085 | D:2      | Reached XP level 3. HP: 16/23 MP: 3/3
  1110 | D:1      | Killed Robin
  1254 | D:2      | Reached XP level 4. HP: 28/28 MP: 4/4
  1280 | D:2      | Found a broken altar of Ashenzari.
  1390 | D:2      | Became a worshipper of Ashenzari the Shackled
  1953 | D:3      | Reached XP level 5. HP: 11/34 MP: 5/5
  2102 | D:3      | Found a hazy altar of Hepliaklqana.
  2263 | D:3      | Noticed Ijyb
  2452 | D:4      | Found a radiant altar of Vehumet.
  2900 | D:4      | Reached XP level 6. HP: 35/39 MP: 6/6
  3355 | D:5      | Entered Level 5 of the Dungeon
  3372 | D:5      | Reached skill level 5 in Dodging
  3400 | D:5      | Identified the +0 leather armour of Disappointment {Int+3
                  | Stlth+}
  3416 | D:5      | Found Pazu Fomi's Weapon Boutique.
  3417 | D:5      | Noticed a +0 quick blade
  3417 | D:5      | Noticed a +0 demon whip
  3456 | D:5      | Identified the +7 scimitar of Law {freeze, Str+2}
  3538 | D:5      | Reached skill level 4 in Shapeshifting
  3554 | D:5      | Reached XP level 7. HP: 25/45 MP: 7/7
  4393 | D:6      | Reached skill level 5 in Unarmed Combat
  4745 | D:6      | Reached skill level 5 in Shapeshifting
  4745 | D:6      | Reached XP level 8. HP: 54/54 MP: 8/8
  4865 | D:6      | Found a sacrificial altar of Ru.
  4946 | D:6      | Found a staircase to the Ecumenical Temple.
  5415 | D:6      | Reached * piety under Ashenzari
  5434 | D:6      | Reached skill level 12 in Shapeshifting
  5434 | D:6      | Reached XP level 9. HP: 59/59 MP: 9/9
  5435 | D:6      | Reached skill level 10 in Unarmed Combat
  5435 | D:6      | Reached XP level 10. HP: 65/65 MP: 10/10
  5608 | D:7      | Found a shimmering blue altar of Sif Muna.
  5611 | D:7      | Found a broken altar of Ashenzari.
  5614 | D:7      | Found an iron altar of Okawaru.
  5865 | D:7      | Found a sand-covered staircase.
  5873 | Ossuary  | Entered an ossuary
  7171 | D:7      | Found a basalt altar of Yredelemnul.
  7478 | D:7      | Identified the +0 scale mail of the Tundras {rElec Int+3
                  | Dex-3 Stlth+}
  7509 | D:7      | Noticed a cyclops
  7517 | D:7      | Killed a cyclops
  7518 | D:7      | Reached skill level 5 in Fighting
  7518 | D:7      | Reached XP level 11. HP: 54/72 MP: 11/11
  7854 | D:7      | Found a hide-covered altar of Uskayaw.
  8133 | D:8      | Noticed a death yak
  8160 | D:8      | Killed a death yak
  8294 | D:8      | Found a staircase to the Lair.
  8295 | D:8      | Noticed a death yak
  8295 | D:8      | Noticed a death yak
  8318 | D:8      | Noticed Pi314's ghost (novice HOMo)
  8318 | D:8      | Found a transporter.
  8318 | D:8      | Found a transporter.
  8825 | D:7      | Killed a death yak
  8990 | D:8      | Reached ** piety under Ashenzari
  9002 | D:8      | Noticed a two-headed ogre
  9012 | D:8      | Killed a two-headed ogre
  9195 | D:8      | Noticed Pikel
  9211 | D:8      | Killed Pikel
  9273 | D:8      | Killed a death yak
  9325 | D:8      | Found a shadowy altar of Dithmenos.
  9675 | D:9      | Found a staircase to the Orcish Mines.
  9791 | D:9      | Noticed Jeremiah
  9902 | D:9      | Killed Jeremiah
 10104 | D:9      | Noticed Maggie
 10113 | D:9      | Killed Maggie
 10283 | D:9      | Reached XP level 12. HP: 69/85 MP: 12/12
 10331 | D:9      | Found a stormy altar of Qazlal.
 11027 | D:9      | Reached skill level 10 in Dodging
 11248 | D:9      | Learned a level 3 spell: Ozocubu's Armour
 11260 | D:10     | Entered Level 10 of the Dungeon
 11272 | D:10     | Noticed Urug
 11279 | D:10     | Killed Urug
 11435 | D:10     | Found Uppoevag's Armour Emporium.
 11462 | D:10     | Reached skill level 1 in Ice Magic
 12153 | D:10     | Noticed a two-headed ogre
 12157 | D:10     | Killed a two-headed ogre
 12930 | D:11     | Found a radiant altar of Vehumet.
 13281 | D:11     | Found a transporter.
 13282 | D:11     | Identified the ring "Macketae" {rC+ Int+2 Dex+3 SInv}
 13282 | D:11     | Identified the +1 pair of boots of Idorimm {+Blink rPois
                  | rC+ Regen+}
 13293 | D:11     | Reached skill level 5 in Ice Magic
 13440 | D:11     | Found a transporter.
 13448 | D:11     | Reached *** piety under Ashenzari
 13471 | D:11     | HP: 3/90 [poison (dark miasma)]
 13471 | D:11     | Killed from afar by a swamp worm

Illustrated notes

Levels and vault maps discovered:
D:1:      dpeg_arrival_windows_large_door, layout_loops_ring, skrybe_limestone_x
D:2:      wad_lake_hut, layout_basic, basic_altar, kennysheep_minor_cross,
          uniq_robin
D:3:      layout_basic, nicolae_hepliaklqana_hazy_memory, uniq_ijyb
D:4:      layout_basic, mainiacjoe_overflow_catwalk, minmay_gold_behind_fungi,
          chequers_serial_rivers_small_b, hangedman_abyss_or_decor_slice
D:5:      layout_loops_ring, serial_shops, nicolae_shop_mannequins,
          nicolae_zen_rock_garden, minmay_lizard_king
D:6:      layout_basic, nicolae_ru_path_of_blood,
          minmay_temple_entry_glassed_door, kennysheep_another_room
D:7:      layout_basic, nicolae_yredelemnul_corpse_copse,
          nicolae_uskayaw_dance_studio, grunt_temple_overflow_diamond,
          serial_undead, serial_undead_f, serial_undead_a, serial_undead_d,
          serial_undead_e, chequers_ossuary_entry_cave, grunt_ministairs_12
D:8:      layout_rooms, grunt_dithmenos_shadows, dpeg_lair_monsters,
          gammafunk_ghost_arena, grunt_ministairs_8, uniq_pikel
D:9:      layout_stronghold, mainiacjoe_overflow_concentric_impassable,
          zombieorc2_lemuel, uniq_maggie, uniq_jeremiah
D:10:     layout_loops_ring, serial_shops, nicolae_shop_window_shopping,
          centaur_isle, uniq_urug
D:11:     gammafunk_worm_tunnel, layout_irregular_city,
          nicolae_vehumet_altar_sigil

Skill      XL: |  1  2  3  4  5  6  7  8  9 10 11 12 |
---------------+-------------------------------------+-----
Unarmed Combat | 4 5 10 | 10.5
Stealth        | 1 2 |  2.0
Fighting       | 2 4 5 7 8 |  8.8
Dodging        | 4 5 7 9 10 | 10.6
Shapeshifting  | 4 5 12 | 12.6
Ice Magic      | 5 |  5.1
Spellcasting   | |  0.7

Action                     |  1- 3 |  4- 6 |  7- 9 | 10-12 || total
---------------------------+-------+-------+-------+-------++-------
  Melee: Unarmed           |    65 |   118 |    62 |   785 ||  1030
         Constrict         |    18 |    34 |    18 |   168 ||   238
         Punch             |     1 |     7 |     4 |       ||    12
         Tentacles         |    10 |    35 |    14 |   238 ||   297
   Cast: Ozocubu's Armour  |       |       |       |     1 ||     1
 Invoke: Curse Item        |       |       |     2 |     4 ||     6
    Use: Potion            |       |     1 |     2 |     1 ||     4
         Scroll            |       |     5 |       |     1 ||     6
   Stab: Sleeping          |     6 |    10 |     6 |     1 ||    23
         Distracted        |       |     1 |       |     2 ||     3
 Armour: Skin              |    32 |    38 |    23 |   288 ||   381
  Dodge: Dodged            |    36 |    63 |    47 |   718 ||   864
   Form: Flux              |       |       |       |     1 ||     1

Table legend: (Time is in decaauts)
 A = Elapsed time spent in this place.
 B = Non-inter-level travel time spent in this place.
 C = Inter-level travel time spent in this place.
 D = Time resting spent in this place.
 E = Time spent auto-exploring this place.
 F = Levels seen in this place.
 G = Mean time per level.
                   A        B        C        D        E       F      G
               +--------+--------+--------+--------+--------+-----+--------+
         Total |  13292 |  12906 |    386 |   4349 |   5644 |  12 | 1107.7 |
       Dungeon |  12661 |  12275 |    386 |   4042 |   5555 |  11 | 1151.0 |
       Ossuary |    630 |    630 |      0 |    307 |     89 |   1 |  630.0 |
               +--------+--------+--------+--------+--------+-----+--------+

Top non-repeatable levels by time:
     D:7: 2258 daAuts
     D:9: 1644 daAuts
    D:10: 1444 daAuts
     D:6: 1211 daAuts
     D:8: 1160 daAuts
     D:5: 982 daAuts
     D:1: 950 daAuts
     D:2: 904 daAuts
     D:4: 850 daAuts
     D:3: 637 daAuts
 Ossuary: 630 daAuts
    D:11: 616 daAuts
